 Dungeon Crawl Stone Soup version 0.31.0-11-ge490571c62 (webtiles) character file.

Game seed: 17571070122391975646

46 qw the Shooter (level 3, 0/20 HPs)
             Began as a Deep Elf Hunter on Feb 3, 2024.
             Succumbed to their own poison gas
             ... on level 2 of the Dungeon.
             The game lasted 00:00:03 (1226 turns).

qw the Shooter (Deep Elf Hunter)                    Turns: 1226, Time: 00:00:04

Health: 0/20       AC:  9    Str: 10    XL:     3   Next: 44%
Magic:  5/5        EV: 11    Int: 13    God:
Gold:   124        SH:  0    Dex: 18    Spells: 2/2 levels left

rFire   . . .        a - +2 shortbow
rCold   . . .        (shield currently unavailable)
rNeg    . . .        e - +0 ring mail
rPois   .            (no helmet)
rElec   .            (no cloak)
rCorr   .            (no gloves)
SInv    .            (no boots)
Will    .....        (no amulet)
Stlth   +            c - +4 ring of protection
HPRegen 0.23/turn    (no ring)
MPRegen 0.09/turn

%: no passive effects
@: lethally poisoned (0 -> -6)
A: no striking features
a: no special abilities


You were on level 2 of the Dungeon.
You visited 1 branch of the dungeon, and saw 2 of its levels.

You collected 124 gold pieces.


   Skills:
 - Level 1.5 Fighting
 + Level 7.0 Ranged Weapons
 - Level 2.4 Dodging
 - Level 1.2 Stealth


You had 2 spell levels left.
You didn't know any spells.
Your spell library was empty.

Inventory:

Hand Weapons
 a - a +2 shortbow (weapon)
Armour
 e - a +0 ring mail (worn)
Jewellery
 c - a +4 ring of protection (left hand)
Wands
 j - a wand of roots (9)
Potions
 d - a potion of might {unknown}

Dungeon Overview and Level Annotations

Branches:
Dungeon (2/15)

Altars:


Message History

You start waiting.
Your surroundings suddenly seem different.
Done exploring.
1218 ||| READING scroll labelled BARELYRUEL.
As you read the scroll labelled BARELYRUEL, it crumbles to dust.
The air around you briefly surges with heat, but it dissipates.
It was a scroll of immolation.
Done exploring.
1219 ||| READING scroll labelled PAYF XUIRCHI.
The air fills with toxic fumes!
As you read the scroll labelled PAYF XUIRCHI, it crumbles to dust.
It was a scroll of poison.
Done exploring.
1220 ||| DROPPING potion of ambrosia.
You drop a potion of ambrosia.
Done exploring.
What level of the Dungeon? (default 2, ? - help) Sorry, I don't know how to get there.
Enter note:
Enter note:
Enter note:
Enter note:
Enter note:
Enter note:
Enter note:
Enter note:
Enter note: You are engulfed in poison gas.
You are lethally poisoned!
You feel very sick.
1222 ||| Stepping ~*~*~tactically~*~*~ (cloud).
You feel very sick.
You see here a potion of ambrosia.
There is a lethal amount of poison in your body!
You feel very sick.
There is a lethal amount of poison in your body!
You feel sick.
There is a lethal amount of poison in your body!
You feel sick.
There is a lethal amount of poison in your body!
You die...

####.#........#..###.#.#.##.##.##
####.#.........¤¤# #.....##.##.##
#.............##0###.#.####.##.##
.....##.......#¤¤...........##...
.....##.......#¤0#.##.###########
#[##.###.#.####¤¤#.##.#
......###.## #¤0#.##.#
..##..###.#####¤¤#0##¤#
.............##¤@¤¤¤¤¤#
....#........#####¤####
..#.#........# ##.##
.##.#........# #.#.#
.............# ##).#
.............# ##.#
.##.#........# #.# .##.#.#.###.##
#.# <##.......#.# #.#


There were no monsters in sight!

Vanquished Creatures
  3 dart slugs (D:1)
  3 bats
  2 endoplasms
  2 giant cockroaches
  5 goblins
  2 hobgoblins (D:1)
  4 kobolds
  A quokka (D:2)
  7 ball pythons
  2 frilled lizards (D:1)
  3 rats (D:1)
34 creatures vanquished.

Notes
Turn   | Place    | Note
-------+----------+-------------------------------------------
     0 | D:1      | qw the Deep Elf Hunter began the quest for the Orb.
     0 | D:1      | Reached XP level 1. HP: 12/12 MP: 3/3
     0 | D:1      | 0 ||| qw: Version: 0.3-a-157-g843a77d
     0 | D:1      | 0 ||| qw: Game counter: 3771
     0 | D:1      | 0 ||| qw: Melee chars always use a shield: true
     0 | D:1      | 0 ||| qw: God list: Okawaru
     0 | D:1      | 0 ||| qw: Allow faded altars: false
     0 | D:1      | 0 ||| qw: Do Orc after clearing Dungeon:15 true
     0 | D:1      | 0 ||| qw: Do second Lair branch before Depths: true
     0 | D:1      | 0 ||| qw: Lair rune preference: random
     0 | D:1      | 0 ||| qw: Goals: Normal
     0 | D:1      | 0 ||| PLANNING D:1-11
   188 | D:1      | Reached skill level 6 in Ranged Weapons
   188 | D:1      | Reached XP level 2. HP: 14/16 MP: 4/4
   507 | D:1      | Reached XP level 3. HP: 20/20 MP: 5/5
   612 | D:1      | 612 ||| UPGRADING to +0 ring mail.
   622 | D:1      | 622 ||| DROPPING +0 leather armour.
   623 | D:1      | 623 ||| DROPPING scroll of butterflies.
   680 | D:2      | 680 ||| FLEEEEING.
  1073 | D:2      | Reached skill level 7 in Ranged Weapons
  1207 | D:2      | 1207 ||| UPGRADING to +4 ring of protection.
  1208 | D:2      | 1208 ||| READING 2 scrolls labelled ITUXISCHUSAOPT.
  1208 | D:2      | 1208 ||| ENCHANTING +0 shortbow.
  1209 | D:2      | 1209 ||| READING scroll of enchant weapon.
  1209 | D:2      | 1209 ||| ENCHANTING +1 shortbow.
  1210 | D:2      | 1210 ||| READING scroll labelled KASIBI DEEFIANG.
  1210 | D:2      | 1210 ||| IDENTIFYING fuming dark potion
  1211 | D:2      | 1211 ||| READING scroll labelled KYTHRO BACEATS.
  1212 | D:2      | 1212 ||| READING scroll labelled WOUL PEIC.
  1213 | D:2      | 1213 ||| READING scroll labelled QIPSAMEEFF.
  1218 | D:2      | 1218 ||| READING scroll labelled BARELYRUEL.
  1219 | D:2      | 1219 ||| READING scroll labelled PAYF XUIRCHI.
  1220 | D:2      | 1220 ||| DROPPING potion of ambrosia.
  1222 | D:2      | 1222 ||| Stepping ~*~*~tactically~*~*~ (cloud).
  1224 | D:2      | HP: 4/20 [poisoned by you (poison gas)]
  1226 | D:2      | Succumbed to their own poison gas

Levels and vault maps discovered:
D:1:      sevenhm_arrival_forest_fort_large_1, layout_loops_ring,
          hangedman_decor_lopped
D:2:      layout_loops_cross

Skill      XL: |  1  2  3 |
---------------+----------+-----
Ranged Weapons | 6 7 |  7.0
Fighting       | |  1.5
Dodging        | |  2.4
Stealth        | |  1.2

Action                     || total
---------------------------++-------
   Fire: Shortbow          ||    71
    Use: Scroll            ||     8
 Armour: Leather armour    ||     2
         Ring mail         ||     3
  Dodge: Dodged            ||     9

Table legend:
 A = Non-vault XP
 B = Vault XP
 C = Vault XP percentage of total XP
 D = Non-vault monster count
 E = Vault monster count
 F = Vault count percentage of total count
                 A         B        C        D         E       F
            +---------+---------+-------+---------+---------+-------
      Total |      62 |       4 |   6.1 |      31 |       3 |   8.8
            +---------+---------+-------+---------+---------+-------
        D:1 |      40 |       4 |   9.1 |      20 |       3 |  13.0
        D:2 |      22 |       0 |   0.0 |      11 |       0 |   0.0
            +---------+---------+-------+---------+---------+-------
